Workbook
Name \0: #REF!
Name \0: #REF!
Name \00: #REF!
Name \00: #REF!
Name \a: #REF!
Name \a: #REF!
Name \AA: [1]LIQUIDACION!#REF!
Name \AA: [1]LIQUIDACION!#REF!
Name \b: [2]STRSUMM0!#REF!
Name \b: [2]STRSUMM0!#REF!
Name \bb: [2]STRSUMM0!#REF!
Name \bb: [2]STRSUMM0!#REF!
Name \E: #REF!
Name \E: #REF!
Name \EE: #REF!
Name \EE: #REF!
Name \G: #REF!
Name \G: #REF!
Name \k: '[3]7422CW00'!#REF!
Name \k: '[3]7422CW00'!#REF!
Name \l: [4]STRSUMM0!#REF!
Name \l: [4]STRSUMM0!#REF!
Name \M: #REF!
Name \M: #REF!
Name \ñ: '[5]7422CW00'!#REF!
Name \ñ: '[5]7422CW00'!#REF!
Name \P: #REF!
Name \P: #REF!
Name \R: #REF!
Name \R: #REF!
Name \s: #REF!
Name \s: #REF!
Name \V: #REF!
Name \V: #REF!
Name \X: [0]!ERR
Name \Z: [0]!ERR
Name _________AFC1: [6]INV!$A$25:$D$28
Name _________AFC3: [6]INV!$F$25:$I$28
Name _________AFC5: [6]INV!$K$25:$N$28
Name _________BGC1: [6]INV!$A$5:$D$8
Name _________BGC3: [6]INV!$F$5:$I$8
Name _________BGC5: [6]INV!$K$5:$N$8
Name _________CAC1: [6]INV!$A$19:$D$22
Name _________CAC3: [6]INV!$F$19:$I$22
Name _________CAC5: [6]INV!$K$19:$N$22
Name _________PJ50: #REF!
Name _________PJ50: #REF!
Name _________SBC1: [6]INV!$A$12:$D$15
Name _________SBC3: [6]INV!$F$12:$I$15
Name _________SBC5: [6]INV!$K$12:$N$15
Name ________AFC1: [6]INV!$A$25:$D$28
Name ________AFC3: [6]INV!$F$25:$I$28
Name ________AFC5: [6]INV!$K$25:$N$28
Name ________BGC1: [6]INV!$A$5:$D$8
Name ________BGC3: [6]INV!$F$5:$I$8
Name ________BGC5: [6]INV!$K$5:$N$8
Name ________CAC1: [6]INV!$A$19:$D$22
Name ________CAC3: [6]INV!$F$19:$I$22
Name ________CAC5: [6]INV!$K$19:$N$22
Name ________MA2: #REF!

Sheet PROPUESTA ECONOMICA
B3: Formulario 1 - Propuesta económica - Documento tipo de selección abreviada de menor cuantía - versión 2
B4: Código | C4: CCE-EICP-FM-25 | D4: Versión | E4: 2
B6: FORMULARIO 1
B7: PRESUPUESTO OFICIAL
B8: [La entidad puede utilizar este formulario de presentación de propuesta económica de forma detallada, sin perjuicio que la entidad pueda modificarlo o establecer la presentación de la oferta económica con un formulario distinto al indicado.] [Los proponentes emplearán el formulario establecido por la entidad para determinar su propuesta económica conforme al Formulario 1 - Presupuesto Oficial publicado por la Entidad]
B10: Cuando el proceso de contratación es estructurado por precios unitarios, la Entidad debe aplicar las notas 1, 2 y 3 del presente formato y las casillas de "Descripción", "Porcentaje" de la Administración, Imprevisto, Utilidad y total A.I.U. resaltadas en color amarillo.
B11: =+#REF! -> #REF!
C12: ITEM DE PAGO | D12: ESPECIFICACIONES | F12: DESCRIPCION | G12: UND. | H12: CANTIDAD | I12: VALOR UNITARIO | J12: VALOR TOTAL
D13: GENERAL | E13: PARTICULAR
F14: PRELIMINARES
B22: Subtotal | J22: =SUM(J15:J21) -> 0
F23: BASES | I23: 0
B27: Subtotal | I27: 0 | J27: =SUM(J24:J26) -> 0
F28: CAPA RODADURA | I28: 0
B31: Subtotal | I31: 0 | J31: =SUM(J29:J30) -> 0
F32: ANDENES Y SARDINELES | I32: 0
B35: Subtotal | I35: 0 | J35: =SUM(J33:J34) -> 0
F36: CORTES Y SELLOS | I36: 0
B40: Subtotal | I40: 0 | J40: =SUM(J37:J39) -> 0
F41: ACERO | I41: 0
B44: Subtotal | I44: 0 | J44: =SUM(J42:J43) -> 0
F45: Obras de contención | I45: 0
B48: Subtotal | I48: 0 | J48: =SUM(J46:J47) -> 0
F49: VARIOS | I49: 0
B61: Subtotal | J61: =SUM(J50:J60) -> 0
B62: SUBTOTAL OBRAS | J62: =J22+J27+J31+J35+J40+J44+J48+J61 -> 0
F65: SUBTOTAL OBRAS (INCLUYE AIU) | J65: =J62 -> 0
F66: VALOR TOTAL | J66: =J65 -> 0
B68: NOTA 1: Se debe tener en cuenta que el PRECIO UNITARIO incluye el valor de A.I.U. | G68: DESCRIPCION | J68: PORCENTAJE
B69: NOTA 2: Cuando la fracción decimal del peso sea igual o superior a 5 se aproximará por exceso al número entero siguiente del peso y cuando la fracción decimal del peso sea inferior a 5 se aproximará por defecto al número entero del peso. | G69: ADMINISTRACION | I69: A= | J69: [Ofrecimiento del Proponente]
B70: NOTA 3: El A.I.U y su discriminación deben estar en porcentaje (%). | G70: IMPREVISTO | I70: I= | J70: [Ofrecimiento del Proponente]
B71: NOTA 4: Siguiendo las recomendaciones de la Guía de Colombia Compra Eficiente, presentar la oferta | G71: UTILIDAD | I71: U= | J71: [Ofrecimiento del Proponente]
B72: NOTA 5: Revisar el Formulario 1 de Presupuesto con sus decimales y tenerlos en cuenta para la presentación de la propuesta económica. | G72: TOTAL A.I.U | I72: A.I.U.= | J72: [Ofrecimiento del Proponente]
B73: NOTA 6: El item PB-000003 Protocolo de bioseguridad, circular 0000003 del 8 de abril de 2020, solo puede ser cobrado en el valor efectivamente utilizado, por lo cual solo serà pagado el valor soportado mediante facturas correspondientes a la compra de los elementos incluidos en el APU de este item.
F75: Firma del Proponente o de su Representante Legal

Sheet PRESUPUESTO UNITARIO
C3: Formulario 1 - Propuesta económica - Documento tipo de selección abreviada de menor cuantía - versión 2
C4: Código | D4: CCE-EICP-FM-25
C5: FORMULARIO 1
C6: PRESUPUESTO OFICIAL
C7: [La entidad puede utilizar este formulario de detalle del presupuesto oficial para determinar las condiciones bajo las cuales los proponentes analizarán y presentarán su propuesta económica de forma detallada, sin perjuicio que la entidad pueda modificarlo o establecer la presentación de la oferta económica con un formulario distinto al indicado.]
C9: Adicionalmente, cuando el proceso de contratación es estructurado por precios unitarios, la Entidad debe aplicar las notas 1, 2 y 3 del presente formulario y las casillas de "Descripción", "Porcentaje" de la Administración, Imprevisto, Utilidad y total A.I.U. resaltadas en colo amarillo. Tratándose de otras modalidades de precio, la Entidad puede o no configurar los mismos aspectos.
C10: “MANTENIMIENTO Y REHABILITACIÓN DE VÍAS URBANAS, MEDIANTE LA REPARACIÓN Y CONSTRUCCIÓN DE PAVIMENTOS Y PEATONALES EN LAS COMUNAS 7 – TESORITO Y 8 PALOGRANDE, EN LA CIUDAD DE MANIZALES, POR MONTO AGOTABLE”
C11: No | D11: ITEM DE PAGO | E11: DESCRIPCION | F11: UND. | G11: CANTIDAD | H11: VALOR UNITARIO | I11: VALOR TOTAL
E13: PRELIMINARES
C14: 1 | D14: =+APU!A6 -> 001.044 | E14: =+APU!C6 -> DESCAPOTE MANUAL e=0.20 m. | F14: =+APU!E6 -> M2 | G14: 1 | H14: =APU!J6 -> 3949 | I14: =ROUND(H14*G14,0) -> 3949
C15: 2 | D15: =+APU!A12 -> 029.014-1 | E15: =+APU!C12 -> DEMOLICION DE PAVIMENTO CONCRETO HIDRAULICO CON EQUIPO MECANICO INCLUYE RETIRO | F15: =+APU!E12 -> M3 | G15: 1 | H15: =APU!J12 -> 193915 | I15: =ROUND(H15*G15,0) -> 193915
C16: 3 | D16: =+APU!A20 -> 029.015 | E16: =+APU!C20 -> DEMOLICION DE PAVIMENTO CONCRETO HIDRAULICO MANUAL | F16: =+APU!E20 -> M3 | G16: 1 | H16: =APU!J20 -> 311620 | I16: =ROUND(H16*G16,0) -> 311620
C17: 4 | D17: =+APU!A27 -> 29013 | E17: =+APU!C27 -> DEMOLICION DE PAVIMENTO CONCRETO ASFALTICO | F17: =+APU!E27 -> M3 | G17: 1 | H17: =APU!J27 -> 156561 | I17: =ROUND(H17*G17,0) -> 156561
C18: 5 | D18: =+APU!A35 -> 029.007 | E18: =+APU!C35 -> DEMOLICIÓN DE ANDENES Y SARDINELES EN CONCRETO HIDRÁULICO | F18: =+APU!E35 -> M3 | G18: 1 | H18: =APU!J35 -> 138162 | I18: =ROUND(H18*G18,0) -> 138162
C19: 6 | D19: =+APU!A42 -> 002.016-1 | E19: =+APU!C42 -> EXCAVACIÓN A CIELO ABIERTO - MATERIAL COMÚN - 0.0 A 2.0 M | F19: =+APU!E42 -> M3 | G19: 1 | H19: =APU!J42 -> 45166 | I19: =ROUND(H19*G19,0) -> 45166
C20: 7 | D20: 002,0030 | E20: EXCAVACION PARA PILOTES D=< 35 CM (0-6)M | F20: M3 | G20: 1 | H20: =APU!J47 -> 168527 | I20: =ROUND(H20*G20,0) -> 168527
C21: 8 | D21: 002,049 | E21: RELLENO EN MATERIAL SELECCIONADO PROVENIENTE DE LA EXCAVACION | F21: M3 | G21: 1 | H21: =APU!J53 -> 47546 | I21: =ROUND(H21*G21,0) -> 47546
C22: 9 | D22: =+APU!A58 -> 002.017-1 | E22: =+APU!C58 -> EXCAVACIÓN A CIELO ABIERTO - CONGLOMERADO - 0.0 A 2.0 M | F22: =+APU!E58 -> M3 | G22: 1 | H22: =APU!J58 -> 65935 | I22: =ROUND(H22*G22,0) -> 65935
C23: 10 | D23: =+APU!A63 -> 001.060 | E23: =+APU!C63 -> SUMINISTRO, TRANSPORTE E INSTALACION TECHADO MOVIBLE EN GUADUA Y PLÁSTICO | F23: =+APU!E63 -> M2 | G23: 1 | H23: =APU!J63 -> 13452 | I23: =ROUND(H23*G23,0) -> 13452
I24: =SUM(I14:I23) -> 1144833
E25: BASES
C26: 11 | D26: =+APU!A71 -> 023.008-1 | E26: =+APU!C71 -> SUMINISTRO, TRANSPORTE E INSTALACION AFIRMADO COMPACTADO PARA ANDENES | F26: =+APU!E71 -> M3 | G26: 1 | H26: =APU!J71 -> 203241 | I26: =ROUND(H26*G26,0) -> 203241
C27: 12 | D27: =+APU!A78 -> 023.012-1 | E27: =+APU!C78 -> SUMINISTRO, TRANSPORTE E INSTALACION SUB BASE COMPACTADA CON CILINDRO | F27: =+APU!E78 -> M3 | G27: 1 | H27: =APU!J78 -> 235153 | I27: =ROUND(H27*G27,0) -> 235153
C28: Subtotal | I28: =SUM(I26:I27) -> 438394
E29: CAPA RODADURA
C30: 13 | D30: =+APU!A87 -> 023.028 | E30: =+APU!C87 -> SUMINISTRO, TRANSPORTE E INSTALACION PAVIMENTO EN CONCRETO MR 42 HECHO EN OBRA | F30: =+APU!E87 -> M3 | G30: 1 | H30: =APU!J87 -> 1231618 | I30: =ROUND(H30*G30,0) -> 1231618
C31: 14 | D31: =+APU!A100 -> 023.006-1 | E31: =+APU!C100 -> SUMINISTRO, TRANSPORTE E INSTALACION PAVIMENTO EN CONCRETO PREMEZCLADO MR 42 (Rutas de alto tráfico) | F31: =+APU!E100 -> M3 | G31: 1 | H31: =APU!J100 -> 1423711 | I31: =ROUND(H31*G31,0) -> 1423711
C32: 15 | D32: =+APU!A113 -> 023.002 | E32: =+APU!C113 -> SUMINISTRO, TRANSPORTE E INSTALACION IMPRIMACION CON EMULSION ASFALTICA según norma INVIAS. | F32: =+APU!E113 -> M2 | G32: 1 | H32: =APU!J113 -> 6798 | I32: =ROUND(H32*G32,0) -> 6798
C33: 16 | D33: =+APU!A122 -> 023.004-1 | E33: =+APU!C122 -> SUMINISTRO, TRANSPORTE E INSTALACION MEZCLA ASFALTICA TIPO MDC-19. Extendido y compactado (INCLUYE TRANSPORTE - DISTANCIA 60 KM) | F33: =+APU!E122 -> M3 | G33: 1 | H33: =APU!J122 -> 1388542 | I33: =ROUND(H33*G33,0) -> 1388542
C34: 17 | D34: =+APU!A134 -> 023.031-1 | E34: =+APU!C134 -> SUMINISTRO, TRANSPORTE E INSTALACION MEZCLA ASFALTICA TIPO MDC-19 PARA PARCHEO MANTENIMIENTO (INCLUYE TRANSPORTE - DISTANCIA 60 KM) | F34: =+APU!E134 -> M3 | G34: 1 | H34: =APU!J134 -> 1546767 | I34: =ROUND(H34*G34,0) -> 1546767
C35: Subtotal | I35: =SUM(I30:I34) -> 5597436
E36: ANDENES Y SARDINELES
C37: 18 | D37: =+APU!A144 -> 021.052 | E37: =+APU!C144 -> SUMINISTRO, TRANSPORTE E INSTALACION ANDEN CONCRETO 3000 PSI E= 0.10M. ACABADO: ESCOBIADO | F37: =+APU!E144 -> M2 | G37: 1 | H37: =APU!J144 -> 113611 | I37: =ROUND(H37*G37,0) -> 113611
C38: 19 | D38: =+APU!A154 -> 021.016 | E38: =+APU!C154 -> SUMINISTRO, TRANSPORTE E INSTALACION SARDINEL ANCHO = 20 CM H = ENTRE 17 Y 24 CM EN CONCRETO 3000 PSI | F38: =+APU!E154 -> ML | G38: 1 | H38: =APU!J154 -> 85836 | I38: =ROUND(H38*G38,0) -> 85836
C39: 20 | D39: =+APU!A163 -> 021.034 | E39: =+APU!C163 -> SUMINISTRO, TRANSPORTE E INSTALACION ESCALAS CONCRETO 3000 PSI E= 0.10M. SOBRE TIERRA ACABADO ESCOBIADO | F39: =+APU!E163 -> M2 | G39: 1 | H39: =APU!J163 -> 216223 | I39: =ROUND(H39*G39,0) -> 216223
C40: Subtotal | I40: =SUM(I37:I39) -> 415670
E41: CORTES Y SELLOS
C42: 21 | D42: =+APU!A175 -> 023.034 | E42: =+APU!C175 -> CORTE MECANIZADO DE PAVIMENTO 5 mm | F42: =+APU!E175 -> ML | G42: 1 | H42: =APU!J175 -> 13645 | I42: =ROUND(H42*G42,0) -> 13645
C43: 22 | D43: =+APU!A181 -> 032.015 | E43: =+APU!C181 -> CORTE MECANIZADO DE ANDEN EN CONCRETO CON DISCO (3,5CM) | F43: =+APU!E181 -> ML | G43: 1 | H43: =APU!J181 -> 11058 | I43: =ROUND(H43*G43,0) -> 11058
C44: 23 | D44: =+APU!A187 -> 023.036 | E44: =+APU!C187 -> SUMINISTRO, TRANSPORTE E INSTALACION SELLO DE JUNTA DE PAVIMENTO RIGIDO 5mm | F44: =+APU!E187 -> ML | G44: 1 | H44: =APU!J187 -> 12345 | I44: =ROUND(H44*G44,0) -> 12345
C45: Subtotal | I45: =SUM(I42:I44) -> 37048
E46: ACERO
C47: 24 | D47: =+APU!A194 -> 023.045 | E47: =+APU!C194 -> CANASTILLA DE SOPORTE DE DOVELAS EN HIERRO 3/8" Y 1/4" | F47: =+APU!E194 -> ML | G47: 1 | H47: =APU!J194 -> 22948 | I47: =ROUND(H47*G47,0) -> 22948
C48: 25 | D48: =+APU!A199 -> 023.046 | E48: =+APU!C199 -> DOVELAS DE ACERO LISO 60000 PSI PARA PAVIMENTOS | F48: =+APU!E199 -> KG | G48: 1 | H48: =APU!J199 -> 20053 | I48: =ROUND(H48*G48,0) -> 20053
C49: 26 | D49: =+APU!A205 -> 023.045-1 | E49: =+APU!C205 -> ACERO 60.000 PSI (INCLUYE ALAMBRE NEGRO Y FIGURACION) | F49: =+APU!E205 -> KG | G49: 1 | H49: =APU!J205 -> 11609 | I49: =ROUND(H49*G49,0) -> 11609
C50: Subtotal | I50: =SUM(I47:I49) -> 54610
E51: VARIOS
C52: 27 | D52: =+APU!A212 -> 024.112-1 | E52: =+APU!C212 -> SUMINISTRO, TRANSPORTE E INSTALACION SUMIDERO DOBLE REJA TIPO SIFÓN EN CONCRETO CLASE II-TAPA ANTIRUIDO (NO INCLUYE REJA) | F52: =+APU!E212 -> UND | G52: 1 | H52: =APU!J212 -> 1077886 | I52: =ROUND(H52*G52,0) -> 1077886
C53: 28 | D53: =+APU!A222 -> 024.089 | E53: =+APU!C222 -> TRANSPORTE E INSTALACION ARO TAPA HF D=0.68 M. P/CÁMARA DE INSPECCIÓN | F53: =+APU!E222 -> UND | G53: 1 | H53: =APU!J222 -> 147384 | I53: =ROUND(H53*G53,0) -> 147384
C54: 29 | D54: =+APU!A227 -> 023.040-1 | E54: =+APU!C227 -> SUMINISTRO, TRANSPORTE E INSTALACIÓN DE ADITIVO PARA ACELERAR FRAGUADO A SIETE (7) DIAS (ACELERANTE) DE UN M3 DE CONCRETO PAVIMENTO MR 42 | F54: =+APU!E227 -> M3 | G54: 1 | H54: =APU!J227 -> 156805 | I54: =ROUND(H54*G54,0) -> 156805
C55: 30 | D55: 002A,019 | E55: SUMINISTRO, TRANSPORTE E INSTALACION PILOTES EN CONCRETO 3000 PSI D=0.35 | F55: M3 | G55: 1 | H55: =APU!J234 -> 1110593 | I55: =ROUND(H55*G55,0) -> 1110593
C56: 31 | D56: 005,086 | E56: SUMINISTRO TRANSPORTE E INSTALACION MURO EN CONCRETO 21 MPA, NO INCLUYE REFUERZO | F56: M3 | G56: 1 | H56: =APU!J241 -> 1088428 | I56: =ROUND(H56*G56,0) -> 1088428
C57: 32 | D57: 033,088 | E57: SOBREACARREO EN VEHICULO NO AUTOMOTOR AL HOMBRO EN FUERTE PENDIENTE Y/O ESCALAS (SIN ACARREO LIBRE) | F57: M3/HM | G57: 1 | H57: =APU!J247 -> 186291 | I57: =ROUND(H57*G57,0) -> 186291
C58: 33 | D58: 021,040 | E58: SUMINISTRO, TRANSPORTE E INSTALACIÓN DE BOLARDO EN CONCRETO DIÁMETRO 18 CM, H:62 CM LIBRES. TIPO PASEO DEL CARMEN | F58: UN | G58: 1 | H58: =APU!J251 -> 341672 | I58: =ROUND(H58*G58,0) -> 341672
C59: 35 | D59: =+APU!A259 -> 002.055 | E59: =+APU!C259 -> RETIRO DE MATERIAL SOBRANTE EN VOLQUETA, CARGUE MECANICO | F59: =+APU!E259 -> M3 | G59: 1 | H59: =APU!J259 -> 50349 | I59: =ROUND(H59*G59,0) -> 50349
C60: 36 | D60: =+APU!A266 -> 001.084 | E60: =+APU!C266 -> TRANSPORTE POR DÍA LABORADO VEHÍCULO AUTOMOTOR TIPO CAMIONETA DE ESTACAS O SIMILAR | F60: =+APU!E266 -> DIA | G60: 1 | H60: =APU!J266 -> 297439 | I60: =ROUND(H60*G60,0) -> 297439
C61: 37 | D61: =+APU!A269 -> 030.002 | E61: =+APU!C269 -> JORNAL AYUDANTE | F61: =+APU!E269 -> DIA | G61: 1 | H61: =APU!J269 -> 104894 | I61: =ROUND(H61*G61,0) -> 104894
C62: 38 | D62: =+APU!A272 -> ADI-33.169 | E62: =+APU!C272 -> REGULADOR DE TRANSITO | F62: =+APU!E272 -> DIA | G62: 1 | H62: =APU!J272 -> 142362 | I62: =ROUND(H62*G62,0) -> 142362
C63: 39 | D63: =+APU!A275 -> 023.048 | E63: =+APU!C275 -> SUMINISTRO, TRANSPORTE E INSTALACION DEMARCACION PASOS PEATONALES, LINEAS DE PARE, SIMBOLOS, TEXTOS Y OTRAS, CON PINTURA PLASTICO EN FRIO. | F63: =+APU!E275 -> M2 | G63: 1 | H63: =APU!J275 -> 148054 | I63: =ROUND(H63*G63,0) -> 148054
C64: 40 | D64: =+APU!A278 -> 023.049 | E64: =+APU!C278 -> SUMINISTRO, TRANSPORTE E INSTALACION DEMARCACION LINEAS CENTRALES, DE BORDE, DE CARRIL Y OTRAS (Ancho 12cms), CON PINTURA PLASTICO EN FRIO. | F64: =+APU!E278 -> ML | G64: 1 | H64: =APU!J278 -> 17270 | I64: =ROUND(H64*G64,0) -> 17270
C65: Subtotal | I65: =SUM(I52:I64) -> 4869427
C66: SUBTOTAL OBRAS | I66: =I24+I28+I35+I40+I45+I50+I65 -> 12557418
N67: 410000000
E69: SUBTOTAL OBRAS (INCLUYE AIU) | I69: =I66 -> 12557418
E70: VALOR TOTAL | I70: 410000000 | L70: =+AIU!J48 -> 0.4255 | M70: =+I70/(1+42.55%) -> 2.8761838e+08 | N70: =+I69/(1+I76) -> 8809132.2
C72: NOTA 1: Se debe tener en cuenta que el PRECIO UNITARIO incluye el valor de A.I.U. | F72: DESCRIPCION | I72: PORCENTAJE
C73: NOTA 2: Cuando la fracción decimal del peso sea igual o superior a 5 se aproximará por exceso al número entero siguiente del peso y cuando la fracción decimal del peso sea inferior a 5 se aproximará por defecto al número entero del peso. | F73: ADMINISTRACION | H73: A= | I73: =+AIU!J46 -> 0.3655 | N73: 3.1824576e+08
C74: NOTA 3: El A.I.U y su discriminación deben estar en porcentaje (%). | F74: IMPREVISTO | H74: I= | I74: 0
C75: NOTA 4: Siguiendo las recomendaciones de la Guía de Colombia Compra Eficiente, presentar la oferta económica en archivo editable (Excel) y en PDF. | F75: UTILIDAD | H75: U= | I75: 0.06
C76: NOTA 5: Revisar el Formulario 1 de Presupuesto con sus decimales y tenerlos en cuenta para la presentación de la propuesta económica. | F76: TOTAL A.I.U | H76: A.I.U.= | I76: =SUM(I73:I75) -> 0.4255

Sheet APU
A1: =+#REF! -> #REF!
A3: PRELIMINARES
A5: CODIGO | B5: COD INSUMO | C5: INSUMO | D5: TIPO | E5: UNIDAD | F5: REND | G5: VALOR UNITARIO | H5: VALOR TOTAL | I5: AIU | J5: VALOR TOTAL INCLUIDO AIU
A6: 001.044 | B6: - | C6: DESCAPOTE MANUAL e=0.20 m. | D6: Actividad | E6: M2 | H6: =SUM(H7:H10) -> 2770 | I6: =+AIU!$G$25 -> 1.4255 | J6: =ROUND(H6*I6,0) -> 3949
A7: 001.044 | B7: C1 | C7: CUADRILLA AA TIPO 1 (1 OFICIAL + 1 AYUDANTE) (Albañileria) | D7: Cuadrilla | E7: HR | F7: 0.09 | G7: 23915 | H7: =+ROUND(F7*G7,0) -> 2152
A8: 001.044 | B8: E24 | C8: VOLQUETA 6M3 (CARGUE A MANO) | D8: Equipos | E8: VJE | F8: 0.001 | G8: 154179 | H8: =+ROUND(F8*G8,0) -> 154
A9: 001.044 | B9: H2 | C9: EQUIPO BASICO (HERRAMIENTA MENOR) | D9: Herramienta | E9: UND | F9: 0.09 | G9: 3311 | H9: =+ROUND(F9*G9,0) -> 298
A10: 001.044 | B10: I1565 | C10: ACARREO INTERNO | D10: Insumo | E10: UND | F10: 0.096 | G10: 1733 | H10: =+ROUND(F10*G10,0) -> 166
A12: 029.014-1 | B12: - | C12: DEMOLICION DE PAVIMENTO CONCRETO HIDRAULICO CON EQUIPO MECANICO INCLUYE RETIRO | D12: Actividad | E12: M3 | H12: =SUM(H13:H18) -> 136033 | I12: =+AIU!$G$25 -> 1.4255 | J12: =ROUND(H12*I12,0) -> 193915
A13: 029.014-1 | B13: C22 | C13: CUADRILLA AA TIPO 4 (1 OFICIAL + 4 AYUDANTE) (Albañileria) | D13: Cuadrilla | E13: HR | F13: 0.4 | G13: 51509 | H13: =+ROUND(F13*G13,0) -> 20604
A14: 029.014-1 | B14: E24 | C14: VOLQUETA 7 M3 (CARGUE A MANO) | D14: Equipos | E14: VJE | F14: 0.25 | G14: 154179 | H14: =+ROUND(F14*G14,0) -> 38545
A15: 029.014-1 | B15: E7 | C15: COMPRESOR 2 MARTILLOS (INCLUYE ACPM Y TRANSPORTE) | D15: Equipos | E15: HR | F15: 0.7 | G15: 99367 | H15: =+ROUND(F15*G15,0) -> 69557
A16: 029.014-1 | B16: H2 | C16: EQUIPO BASICO (HERRAMIENTA MENOR) | D16: Herramienta | E16: UND | F16: 0.4 | G16: 3311 | H16: =+ROUND(F16*G16,0) -> 1324
A17: 029.014-1 | B17: I1565 | C17: ACARREO INTERNO | D17: Insumo | E17: UND | F17: 0.853 | G17: 1733 | H17: =+ROUND(F17*G17,0) -> 1478
A18: 029.014-1 | C18: PERMISO ZONA DE DEPOSITO AUTORIZADA | E18: M3 | F18: 1 | G18: 4525 | H18: =+ROUND(F18*G18,0) -> 4525
A20: 029.015 | B20: - | C20: DEMOLICION DE PAVIMENTO CONCRETO HIDRAULICO MANUAL | D20: Actividad | E20: M3 | H20: =SUM(H21:H25) -> 218604 | I20: =+AIU!$G$25 -> 1.4255 | J20: =ROUND(H20*I20,0) -> 311620
A21: 029.015 | B21: C22 | C21: CUADRILLA AA TIPO 4 (1 OFICIAL + 4 AYUDANTE) (Albañileria) | D21: Cuadrilla | E21: HR | F21: 3 | G21: 51509 | H21: =+ROUND(F21*G21,0) -> 154527
A22: 029.015 | B22: E24 | C22: VOLQUETA 7M3 (CARGUE A MANO) | D22: Equipos | E22: VJE | F22: 0.25 | G22: 154179 | H22: =+ROUND(F22*G22,0) -> 38545
A23: 029.015 | B23: H2 | C23: EQUIPO BASICO (HERRAMIENTA MENOR) | D23: Herramienta | E23: UND | F23: 3 | G23: 3311 | H23: =+ROUND(F23*G23,0) -> 9933
A24: 029.015 | B24: I1565 | C24: ACARREO INTERNO | D24: Insumo | E24: UND | F24: 6.39 | G24: 1733 | H24: =+ROUND(F24*G24,0) -> 11074
A25: 029.015 | C25: PERMISO ZONA DE DEPOSITO AUTORIZADA | E25: M3 | F25: 1 | G25: 4525 | H25: =+ROUND(F25*G25,0) -> 4525
A27: 29013 | B27: - | C27: DEMOLICION DE PAVIMENTO CONCRETO ASFALTICO | D27: Actividad | E27: M3 | H27: =SUM(H28:H33) -> 109829 | I27: =+AIU!$G$25 -> 1.4255 | J27: =ROUND(H27*I27,0) -> 156561
A28: 029.013 | B28: C15 | C28: CUADRILLA AA TIPO 3 (1 OFICIAL + 3 AYUDANTE) (Albañileria) | D28: Cuadrilla | E28: HR | F28: 0.35 | G28: 42311 | H28: =+ROUND(F28*G28,0) -> 14809
A29: 029.013 | B29: E24 | C29: VOLQUETA 7M3 (CARGUE A MANO) | D29: Equipos | E29: VJE | F29: 0.25 | G29: 154179 | H29: =+ROUND(F29*G29,0) -> 38545
A30: 029.013 | B30: E7 | C30: COMPRESOR 2 MARTILLOS (INCLUYE ACPM Y TRANSPORTE) | D30: Equipos | E30: HR | F30: 0.5 | G30: 99367 | H30: =+ROUND(F30*G30,0) -> 49684
A31: 029.013 | B31: H2 | C31: EQUIPO BASICO (HERRAMIENTA MENOR) | D31: Herramienta | E31: UND | F31: 0.35 | G31: 3311 | H31: =+ROUND(F31*G31,0) -> 1159
A32: 029.013 | B32: I1565 | C32: ACARREO INTERNO | D32: Insumo | E32: UND | F32: 0.639 | G32: 1733 | H32: =+ROUND(F32*G32,0) -> 1107
A33: 029.013 | C33: PERMISO ZONA DE DEPOSITO AUTORIZADA | E33: M3 | F33: 1 | G33: 4525 | H33: =+ROUND(F33*G33,0) -> 4525
A35: 029.007 | B35: - | C35: DEMOLICIÓN DE ANDENES Y SARDINELES EN CONCRETO HIDRÁULICO | D35: Actividad | E35: M3 | H35: =SUM(H36:H40) -> 96922 | I35: =+AIU!$G$25 -> 1.4255 | J35: =ROUND(H35*I35,0) -> 138162
A36: 029.007 | B36: C1 | C36: CUADRILLA AA TIPO 1 (1 OFICIAL + 1 AYUDANTE) (Albañileria) | D36: Cuadrilla | E36: HR | F36: 0.78 | G36: 23915 | H36: =+ROUND(F36*G36,0) -> 18654
A37: 029.007 | B37: E7 | C37: COMPRESOR 2 MARTILLOS (INCLUYE ACPM Y TRANSPORTE) | D37: Equipos | E37: HR | F37: 0.7 | G37: 99367 | H37: =+ROUND(F37*G37,0) -> 69557
A38: 029.007 | B38: H2 | C38: EQUIPO BASICO (HERRAMIENTA MENOR) | D38: Herramienta | E38: UND | F38: 0.78 | G38: 3311 | H38: =+ROUND(F38*G38,0) -> 2583
A39: 029.007 | B39: I1565 | C39: ACARREO INTERNO | D39: Insumo | E39: UND | F39: 0.925 | G39: 1733 | H39: =+ROUND(F39*G39,0) -> 1603
A40: 029.007 | C40: PERMISO ZONA DE DEPOSITO AUTORIZADA | E40: M3 | F40: 1 | G40: 4525 | H40: =+ROUND(F40*G40,0) -> 4525
A42: 002.016-1 | B42: - | C42: EXCAVACIÓN A CIELO ABIERTO - MATERIAL COMÚN - 0.0 A 2.0 M | D42: Actividad | E42: M3 | H42: =SUM(H43:H45) -> 31684 | I42: =+AIU!$G$25 -> 1.4255 | J42: =ROUND(H42*I42,0) -> 45166
A43: 002.016-1 | B43: C22 | C43: CUADRILLA AA TIPO 4 (1 OFICIAL + 4 AYUDANTE) (Albañileria) | D43: Cuadrilla | E43: HR | F43: 0.54 | G43: 51509 | H43: =+ROUND(F43*G43,0) -> 27815
A44: 002.016-1 | B44: I282 | C44: MANEJO DE AGUAS PARA PROTECCION DE LA ZONA DE EXCAVACION(SUELO CEMENTO 10:1) | D44: Insumo | E44: M3 | F44: 0.015 | G44: =+VLOOKUP(B44,[111]Insumos!$A$2:$F$2700,5,FALSE) -> 169651 | H44: =+ROUND(F44*G44,0) -> 2545
A45: 002.016-1 | B45: H2 | C45: EQUIPO BASICO (HERRAMIENTA MENOR) | D45: Herramienta | E45: UND | F45: 0.4 | G45: 3311 | H45: =+ROUND(F45*G45,0) -> 1324
A47: 032.083 | B47: - | C47: EXCAVACION PARA PILOTES D=< a 35 cm (0-6)m | D47: Actividad | E47: ML | H47: 118223 | I47: =+AIU!$G$25 -> 1.4255 | J47: =ROUND(H47*I47,0) -> 168527
A48: 032.083 | B48: C22 | C48: CUADRILLA AA TIPO 4 (1 OFICIAL + 4 AYUDANTE) (Albañileria) | D48: Cuadrilla | E48: HR | F48: 1.75 | G48: =+VLOOKUP(B48,[112]Insumos!$A$2:$F$5000,5,FALSE) -> 51509 | H48: =+ROUND(F48*G48,0) -> 90141
A49: 032.083 | B49: E27 | C49: VOLQUETA 6M3 (CARGUE A MANO) RETIRO INTERNO | D49: Equipos | E49: VJE | F49: 0.1 | G49: =+VLOOKUP(B49,[112]Insumos!$A$2:$F$5000,5,FALSE) -> 216810 | H49: =+ROUND(F49*G49,0) -> 21681
A50: 032.083 | B50: H2 | C50: EQUIPO BASICO (HERRAMIENTA MENOR) | D50: Herramienta | E50: UND | F50: 1.75 | G50: =+VLOOKUP(B50,[112]Insumos!$A$2:$F$5000,5,FALSE) -> 3311 | H50: =+ROUND(F50*G50,0) -> 5794
A51: 032.083 | B51: I1565 | C51: ACARREO INTERNO | D51: Insumo | E51: UND | F51: 0.35 | G51: =+VLOOKUP(B51,[112]Insumos!$A$2:$F$5000,5,FALSE) -> 1733 | H51: =+ROUND(F51*G51,0) -> 607
A53: 002.049 | B53: - | C53: RELLENO EN MATERIAL SELECCIONADO PROVENIENTE DE LA EXCAVACION (APISONADO) | D53: Actividad | E53: M3 | H53: 33354 | I53: =+AIU!$G$25 -> 1.4255 | J53: =ROUND(H53*I53,0) -> 47546
A54: 002.049 | B54: C15 | C54: CUADRILLA AA TIPO 3 (1 OFICIAL + 3 AYUDANTE) (Albañileria) | D54: Cuadrilla | E54: HR | F54: 0.7 | G54: =+VLOOKUP(B54,[112]Insumos!$A$2:$F$5000,5,FALSE) -> 42311 | H54: =+ROUND(F54*G54,0) -> 29618
A55: 002.049 | B55: H2 | C55: EQUIPO BASICO (HERRAMIENTA MENOR) | D55: Herramienta | E55: UND | F55: 0.5 | G55: =+VLOOKUP(B55,[112]Insumos!$A$2:$F$5000,5,FALSE) -> 3311 | H55: =+ROUND(F55*G55,0) -> 1656
A56: 002.049 | B56: I1565 | C56: ACARREO INTERNO | D56: Insumo | E56: UND | F56: 1.2 | G56: =+VLOOKUP(B56,[112]Insumos!$A$2:$F$5000,5,FALSE) -> 1733 | H56: =+ROUND(F56*G56,0) -> 2080
A58: 002.017-1 | B58: - | C58: EXCAVACIÓN A CIELO ABIERTO - CONGLOMERADO - 0.0 A 2.0 M | D58: Actividad | E58: M3 | H58: =SUM(H59:H61) -> 46254 | I58: =+AIU!$G$25 -> 1.4255 | J58: =ROUND(H58*I58,0) -> 65935
A59: 002.017-1 | B59: C22 | C59: CUADRILLA AA TIPO 4 (1 OFICIAL + 4 AYUDANTE) (Albañileria) | D59: Cuadrilla | E59: HR | F59: 0.81 | G59: 51509 | H59: =+ROUND(F59*G59,0) -> 41722
A60: 002.017-1 | B60: I282 | C60: MANEJO DE AGUAS PARA PROTECCION DE LA ZONA DE EXCAVACION(SUELO CEMENTO 10:1) | D60: Insumo | E60: M3 | F60: 0.015 | G60: =+VLOOKUP(B60,[111]Insumos!$A$2:$F$2700,5,FALSE) -> 169651 | H60: =+ROUND(F60*G60,0) -> 2545
A61: 002.017-1 | B61: H2 | C61: EQUIPO BASICO (HERRAMIENTA MENOR) | D61: Herramienta | E61: UND | F61: 0.6 | G61: 3311 | H61: =+ROUND(F61*G61,0) -> 1987
A63: 001.060 | B63: - | C63: SUMINISTRO, TRANSPORTE E INSTALACION TECHADO MOVIBLE EN GUADUA Y PLÁSTICO | D63: Actividad | E63: M2 | H63: =SUM(H64:H69) -> 9437 | I63: =+AIU!$G$25 -> 1.4255 | J63: =ROUND(H63*I63,0) -> 13452
A64: 001.060 | B64: C22 | C64: CUADRILLA AA TIPO 4 (1 OFICIAL + 4 AYUDANTE) (Albañileria) | D64: Cuadrilla | E64: HR | F64: 0.08 | G64: 51509 | H64: =+ROUND(F64*G64,0) -> 4121
A65: 001.060 | B65: E12 | C65: EQUIPO DE TRANSPORTE | D65: Equipos | E65: DIA | F65: 0.00052 | G65: 171308 | H65: =+ROUND(F65*G65,0) -> 89
A66: 001.060 | B66: H2 | C66: EQUIPO BASICO (HERRAMIENTA MENOR) | D66: Herramienta | E66: UND | F66: 0.15 | G66: 3311 | H66: =+ROUND(F66*G66,0) -> 497
A67: 001.060 | B67: I1565 | C67: ACARREO INTERNO | D67: Insumo | E67: UND | F67: 0.159 | G67: 1733 | H67: =+ROUND(F67*G67,0) -> 276
A68: 001.060 | B68: I455 | C68: ESTRUCTURA EN GUADUA | D68: Insumo | E68: M2 | F68: 0.25 | G68: 2995 | H68: =+ROUND(F68*G68,0) -> 749
A69: 001.060 | B69: I456 | C69: PLÁSTICO TRANSPARENTE CALIBRE 6 | D69: Insumo | E69: M2 | F69: 1.1 | G69: 3368 | H69: =+ROUND(F69*G69,0) -> 3705
A71: 023.008-1 | B71: - | C71: SUMINISTRO, TRANSPORTE E INSTALACION AFIRMADO COMPACTADO PARA ANDENES | D71: Actividad | E71: M3 | H71: =SUM(H72:H76) -> 142575 | I71: =+AIU!$G$25 -> 1.4255 | J71: =ROUND(H71*I71,0) -> 203241
A72: 023.008-1 | B72: C15 | C72: CUADRILLA AA TIPO 3 (1 OFICIAL + 3 AYUDANTE) (Albañileria) | D72: Cuadrilla | E72: HR | F72: 0.4 | G72: 42311 | H72: =+ROUND(F72*G72,0) -> 16924
A73: 023.008-1 | B73: E47 | C73: VIBROCOMPACTADOR TIPO RANA | D73: Equipos | E73: DIA | F73: 0.5 | G73: 56533 | H73: =+ROUND(F73*G73,0) -> 28267
A74: 023.008-1 | B74: H2 | C74: EQUIPO BASICO (HERRAMIENTA MENOR) | D74: Herramienta | E74: UND | F74: 0.5 | G74: 3311 | H74: =+ROUND(F74*G74,0) -> 1656
A75: 023.008-1 | B75: I1565 | C75: ACARREO INTERNO | D75: Insumo | E75: UND | F75: 2.1 | G75: 1733 | H75: =+ROUND(F75*G75,0) -> 3639
A76: 023.008-1 | B76: I50 | C76: AFIRMADO NORMA INVIAS | D76: Insumo | E76: M3 | F76: 1.4 | G76: 65778 | H76: =+ROUND(F76*G76,0) -> 92089
A78: 023.012-1 | B78: - | C78: SUMINISTRO, TRANSPORTE E INSTALACION SUB BASE COMPACTADA CON CILINDRO | D78: Actividad | E78: M3 | H78: =SUM(H79:H85) -> 164962 | I78: =+AIU!$G$25 -> 1.4255 | J78: =ROUND(H78*I78,0) -> 235153
A79: 023.012-1 | B79: C15 | C79: CUADRILLA AA TIPO 3 (1 OFICIAL + 3 AYUDANTE) (Albañileria) | D79: Cuadrilla | E79: HR | F79: 0.4 | G79: 42311 | H79: =+ROUND(F79*G79,0) -> 16924
A80: 023.012-1 | B80: E12 | C80: EQUIPO DE TRANSPORTE | D80: Equipos | E80: DIA | F80: 0.0163 | G80: 171308 | H80: =+ROUND(F80*G80,0) -> 2792
A81: 023.012-1 | B81: E15 | C81: MOTONIVELADORA 120 HP. | D81: Equipos | E81: HR | F81: 0.045 | G81: =+VLOOKUP(B81,[112]Insumos!$A$2:$F$5000,5,FALSE) -> 278207 | H81: =+ROUND(F81*G81,0) -> 12519
A82: 023.012-1 | B82: E49 | C82: CILINDRO COMPACTADOR 3 TONELADAS | D82: Equipos | E82: HR | F82: 0.045 | G82: 278207 | H82: =+ROUND(F82*G82,0) -> 12519
A83: 023.012-1 | B83: H2 | C83: EQUIPO BASICO (HERRAMIENTA MENOR) | D83: Herramienta | E83: UND | F83: 0.09 | G83: 3311 | H83: =+ROUND(F83*G83,0) -> 298
A84: 023.012-1 | B84: I1565 | C84: ACARREO INTERNO | D84: Insumo | E84: UND | F84: 0.85 | G84: 1733 | H84: =+ROUND(F84*G84,0) -> 1473
A85: 023.012-1 | B85: I43 | C85: SUB BASE GRANULAR SBG-1 NORMA INVIAS | D85: Insumo | E85: M3 | F85: 1.02 | G85: 116115 | H85: =+ROUND(F85*G85,0) -> 118437
A87: 023.028 | B87: - | C87: SUMINISTRO, TRANSPORTE E INSTALACION PAVIMENTO EN CONCRETO MR 42 HECHO EN OBRA | D87: Actividad | E87: M3 | H87: =SUM(H88:H98) -> 863990 | I87: =+AIU!$G$25 -> 1.4255 | J87: =ROUND(H87*I87,0) -> 1231618
A88: 023.028 | B88: AB15 | C88: CONCRETO MR 42 kg/cm2 | D88: Analisis | E88: M3 | F88: 1.05 | G88: 571213 | H88: =+ROUND(F88*G88,0) -> 599774
A89: 023.028 | B89: C22 | C89: CUADRILLA AA TIPO 4 (1 OFICIAL + 4 AYUDANTE) (Albañileria) | D89: Cuadrilla | E89: HR | F89: 3.5 | G89: 51509 | H89: =+ROUND(F89*G89,0) -> 180282
A90: 023.028 | B90: E12 | C90: EQUIPO DE TRANSPORTE | D90: Equipos | E90: DIA | F90: 0.0657 | G90: 171308 | H90: =+ROUND(F90*G90,0) -> 11255
A91: 023.028 | B91: E16 | C91: REGLA VIBRATORIA | D91: Equipos | E91: DIA | F91: 0.1 | G91: 99367 | H91: =+ROUND(F91*G91,0) -> 9937
A92: 023.028 | B92: E21 | C92: VIBRADOR A GASOLINA | D92: Equipos | E92: DIA | F92: 0.1 | G92: 67825 | H92: =+ROUND(F92*G92,0) -> 6783
A93: 023.028 | B93: H2 | C93: EQUIPO BASICO (HERRAMIENTA MENOR) | D93: Herramienta | E93: UND | F93: 3.5 | G93: 3311 | H93: =+ROUND(F93*G93,0) -> 11589
A94: 023.028 | B94: I1565 | C94: ACARREO INTERNO | D94: Insumo | E94: UND | F94: 7 | G94: 1733 | H94: =+ROUND(F94*G94,0) -> 12131
A95: 023.028 | B95: I424 | C95: PUNTILLA CON CABEZA 1" | D95: Insumo | E95: LB | F95: 0.2 | G95: 4680 | H95: =+ROUND(F95*G95,0) -> 936
A96: 023.028 | B96: I478 | C96: ADITIVO PARA CURAR EL CONCRETO | D96: Insumo | E96: UND | F96: 0.09 | G96: 44393 | H96: =+ROUND(F96*G96,0) -> 3995
A97: 023.028 | B97: I990 | C97: TABLA 1"X10"X3M | D97: Insumo | E97: UND | F97: 0.8 | G97: 13848 | H97: =+ROUND(F97*G97,0) -> 11078
A98: 023.028 | B98: I991 | C98: CUARTON 2"X4"X3M | D98: Insumo | E98: UND | F98: 1.25 | G98: 12984 | H98: =+ROUND(F98*G98,0) -> 16230
A100: 023.006-1 | B100: - | C100: SUMINISTRO, TRANSPORTE E INSTALACION PAVIMENTO EN CONCRETO PREMEZCLADO MR 42 (Rutas de alto tráfico) | D100: Actividad | E100: M3 | H100: =SUM(H101:H111) -> 998745 | I100: =+AIU!$G$25 -> 1.4255 | J100: =ROUND(H100*I100,0) -> 1423711
A101: 023,006-1 | B101: C22 | C101: CUADRILLA AA TIPO 4 (1 OFICIAL + 4 AYUDANTE) (Albañileria) | D101: Cuadrilla | E101: HR | F101: 2.4 | G101: 51509 | H101: =+ROUND(F101*G101,0) -> 123622
A102: 023,006-1 | B102: E12 | C102: EQUIPO DE TRANSPORTE | D102: Equipos | E102: DIA | F102: 0.03 | G102: 171308 | H102: =+ROUND(F102*G102,0) -> 5139
A103: 023,006-1 | B103: E16 | C103: REGLA VIBRATORIA | D103: Equipos | E103: DIA | F103: 0.1 | G103: 99367 | H103: =+ROUND(F103*G103,0) -> 9937
A104: 023,006-1 | B104: E21 | C104: VIBRADOR A GASOLINA | D104: Equipos | E104: DIA | F104: 0.1 | G104: 67825 | H104: =+ROUND(F104*G104,0) -> 6783
A105: 023,006-1 | B105: H2 | C105: EQUIPO BASICO (HERRAMIENTA MENOR) | D105: Herramienta | E105: UND | F105: 2.6 | G105: 3311 | H105: =+ROUND(F105*G105,0) -> 8609
A106: 023,006-1 | B106: I1565 | C106: ACARREO INTERNO | D106: Insumo | E106: UND | F106: 7 | G106: 1733 | H106: =+ROUND(F106*G106,0) -> 12131
A107: 023,006-1 | B107: I275 | C107: CONCRETO PREMEZCLADO PARA PAVIMENTO MR 42 KG/CM2 | D107: Insumo | E107: M3 | F107: 1.05 | G107: 762176 | H107: =+ROUND(F107*G107,0) -> 800285
A108: 023,006-1 | B108: I424 | C108: PUNTILLA CON CABEZA 1" | D108: Insumo | E108: LB | F108: 0.2 | G108: 4680 | H108: =+ROUND(F108*G108,0) -> 936
A109: 023,006-1 | B109: I478 | C109: ADITIVO PARA CURAR EL CONCRETO | D109: Insumo | E109: UND | F109: 0.09 | G109: 44393 | H109: =+ROUND(F109*G109,0) -> 3995
A110: 023,006-1 | B110: I990 | C110: TABLA 1"X10"X3M | D110: Insumo | E110: UND | F110: 0.8 | G110: 13848 | H110: =+ROUND(F110*G110,0) -> 11078
A111: 023,006-1 | B111: I991 | C111: CUARTON 2"X4"X3M | D111: Insumo | E111: UND | F111: 1.25 | G111: 12984 | H111: =+ROUND(F111*G111,0) -> 16230
A113: 023.002 | B113: - | C113: SUMINISTRO, TRANSPORTE E INSTALACION IMPRIMACION CON EMULSION ASFALTICA según norma INVIAS. | D113: Actividad | E113: M2 | H113: =SUM(H114:H120) -> 4769 | I113: =+AIU!$G$25 -> 1.4255 | J113: =ROUND(H113*I113,0) -> 6798
A114: 023.002 | B114: C8 | C114: CUADRILLA AA TIPO 2 (1 OFICIAL + 2 AYUDANTE) (Albañileria) | D114: Cuadrilla | E114: HR | F114: 0.002 | G114: 33113 | H114: =+ROUND(F114*G114,0) -> 66
A115: 023.002 | B115: E12 | C115: EQUIPO DE TRANSPORTE | D115: Equipos | E115: DIA | F115: 0.0005 | G115: 171308 | H115: =+ROUND(F115*G115,0) -> 86
A116: 023.002 | B116: E4 | C116: CARROTANQUE IRRIGADOR DE ASFALTO | D116: Equipos | E116: HR | F116: 0.002 | G116: 93948 | H116: =+ROUND(F116*G116,0) -> 188
...

Sheet AIU
A1: PROYECTO | B1: BASE A.U OBRA / SECRETARIA DE OBRAS PÚBLICAS
A3: Valor estimado de la Obra (Costo Directo). | C3: Valor | E3: =+'PRESUPUESTO UNITARIO'!M70 -> 2.8761838e+08
A4: Plazo estimado de ejecución | C4: Meses | E4: 2
C5: Días | E5: =+E4*30 -> 60
A7: CAPITULO | B7: TIPO DE GASTO | C7: UN | D7: CANTIDAD | E7: DEDICACIÓN (del tiempo de la obra) | F7: VALOR UNITARIO (mes) | G7: Factor Prestacional | H7: VALOR TOTAL | I7: SUMA | J7: PORCENTAJE
A9: 1 | B9: GASTOS GENERALES. | J9: =+J10 -> 0.13525717
A10: 1.1 | B10: MANO DE OBRA Y GASTOS DE OFICINA | I10: =SUM(H11:H21) -> 38902449 | J10: =+I10/$E$3 -> 0.13525717 | K10: =SUM(J11:J22) -> 0.13525717
B11: Director(a) de Obra | C11: Un | D11: 1 | E11: 0.1 | F11: 6500000 | G11: 0.5483 | H11: =+D11*E11*F11*(1+G11)*$E$4 -> 2012790 | J11: =+H11/$E$3 -> 0.0069981272
B12: Ingeniero(a) Civil Residente | C12: Un | D12: 1 | E12: 1 | F12: 4200000 | G12: 0.5483 | H12: =+D12*E12*F12*(1+G12)*$E$4 -> 13005720 | J12: =+H12/$E$3 -> 0.045218668
B13: Técnico constructor como Maestro de obra (Inspector de Obra) | C13: Un | D13: 1 | E13: 1 | F13: 2690000 | G13: 0.5483 | H13: =+D13*E13*F13*(1+G13)*$E$4 -> 8329854 | J13: =+H13/$E$3 -> 0.02896148
B14: Profesional en Segruidad y Salud en el Trabajo - HSEQ | C14: Un | D14: 1 | E14: 0.5 | F14: 3250000 | G14: 0.5483 | H14: =+D14*E14*F14*(1+G14)*$E$4 -> 5031975 | J14: =+H14/$E$3 -> 0.017495318
B15: Trabajador(a) social | C15: Un | D15: 1 | E15: 0.5 | F15: 3250000 | G15: 0.5483 | H15: =+D15*E15*F15*(1+G15)*$E$4 -> 5031975 | J15: =+H15/$E$3 -> 0.017495318
B16: Ingeniero(a) Ambiental | C16: Un | D16: 1 | E16: 0.1 | F16: 3250000 | G16: 0.5483 | H16: =+D16*E16*F16*(1+G16)*$E$4 -> 1006395 | J16: =+H16/$E$3 -> 0.0034990636
B17: Secretaria con prestaciones | C17: Un | D17: 1 | E17: 0.2 | F17: 1300000 | G17: 0.6995 | H17: =+D17*E17*F17*(1+G17)*$E$4 -> 883740 | J17: =+H17/$E$3 -> 0.0030726131
B19: Oficina y/o campamento (Equipo de Oficina, Escritorio, pc, impresora, sillas, papeleria, consumo servicios publicos etc) | C19: Mes | D19: 1 | E19: 1 | F19: 800000 | H19: =+D19*E19*F19*E4 -> 1600000 | J19: =+H19/$E$3 -> 0.0055629268
B20: Plan Manejo Tránsito | C20: Un | D20: 1 | E20: 1 | F20: 1000000 | H20: =F20 -> 1000000 | J20: =+H20/$E$3 -> 0.0034768293
B21: Ensayos de laboratorio | C21: Gl | D21: 1 | E21: 1 | F21: 500000 | H21: =D21*E21*F21*E4 -> 1000000 | J21: =+H21/$E$3 -> 0.0034768293
J22: =+H22/$E$3 -> 0
A23: 2 | B23: GASTOS INDIRECTOS. | J23: =J24+J27+J33+J37 -> 0.23023378 | K23: =SUM(K27:K45) -> 0.23023378
A24: 2.1 | B24: LEGALIZACION.
B25: Factor de formula circular | G25: 1.4255
A27: 2.2 | B27: POLIZAS | I27: =SUM(H28:H31) -> 3354466.9 | J27: =+I27/$E$3 -> 0.011662909 | K27: =SUM(J28:J31) -> 0.011662909
B28: Cumplimiento del contrato | C28: % | D28: 0.0006 | F28: =+$E$3 -> 2.8761838e+08 | G28: =+$G$25 -> 1.4255 | H28: =+(((F28*G28*D28)/365)*($E$5+120))*1.19 -> 144364.93 | J28: =+H28/$E$3 -> 0.00050193222
B29: Estabilidad de la obra | C29: % | D29: 0.0009 | F29: =+$E$3 -> 2.8761838e+08 | G29: =+$G$25 -> 1.4255 | H29: =+(((F29*G29*D29)/365)*(1825))*1.19 -> 2195550 | J29: =+H29/$E$3 -> 0.0076335525
B30: Pago de salarios, prestaciones sociales legales e indemnizaciones laborales | C30: % | D30: 0.0005 | F30: =+$E$3 -> 2.8761838e+08 | G30: =+$G$25 -> 1.4255 | H30: =+(((F30*G30*D30)/365)*($E$5+1095))*1.19 -> 771951.37 | J30: =+H30/$E$3 -> 0.0026839431
B31: Resposabilidad civil extracontractual | C31: % | D31: 0.0025 | F31: 348000000 | G31: =+$G$25 -> 1.4255 | H31: =+(((F31*G31*D31)/365)*($E$5+0))*1.19 -> 242600.57 | J31: =+H31/$E$3 -> 0.00084348077
A33: 2.3 | B33: VALLAS Y SEÑALIZACIÓN | I33: =SUM(H34:H35) -> 4440000 | J33: =+I33/$E$3 -> 0.015437122 | K33: =SUM(J34:J35) -> 0.015437122
B34: Valla (8 metros cuadrados en lona) | C34: Un | D34: 2 | E34: 1 | F34: 720000 | H34: =+D34*F34 -> 1440000 | J34: =+H34/$E$3 -> 0.0050066341
B35: Señalización obra (señalizacion vertical, delineadores y cinta) etc | C35: Gb | D35: 1 | F35: 3000000 | H35: =+F35*D35 -> 3000000 | J35: =+H35/$E$3 -> 0.010430488
A37: 2.4 | B37: IMPUESTOS Y VALORES AGREGADOS | I37: =SUM(H38:H45) -> 58425000 | J37: =+I37/$E$3 -> 0.20313375 | K37: =SUM(J38:J45) -> 0.20313375
B38: Contribución Especial (Seguridad Ciudadana) | C38: % | D38: 0.05 | F38: =+$E$3 -> 2.8761838e+08 | G38: =+$G$25 -> 1.4255 | H38: =+D38*F38*G38 -> 20500000 | J38: =+H38/$E$3 -> 0.071275
B39: Estampillas para el bienestar del adulto mayor | C39: % | D39: 0.02 | F39: =+$E$3 -> 2.8761838e+08 | G39: =+$G$25 -> 1.4255 | H39: =+D39*F39*G39 -> 8200000 | J39: =+H39/$E$3 -> 0.02851
B40: Estampillas Pro - Universidades. | C40: % | D40: 0.02 | F40: =+$E$3 -> 2.8761838e+08 | G40: =+$G$25 -> 1.4255 | H40: =+D40*F40*G40 -> 8200000 | J40: =+H40/$E$3 -> 0.02851
B41: Tasa Pro Deporte y Recreación | C41: % | D41: 0.005 | F41: =+$E$3 -> 2.8761838e+08 | G41: =+$G$25 -> 1.4255 | H41: =+D41*F41*G41 -> 2050000 | J41: =+H41/$E$3 -> 0.0071275
B42: Estampilla Pro Cultura | C42: % | D42: 0.02 | F42: =+$E$3 -> 2.8761838e+08 | G42: =+$G$25 -> 1.4255 | H42: =+D42*F42*G42 -> 8200000 | J42: =+H42/$E$3 -> 0.02851
B43: Estampilla Pro Justicia Familiar | C43: % | D43: 0.02 | F43: =+$E$3 -> 2.8761838e+08 | G43: =+$G$25 -> 1.4255 | H43: =+D43*F43*G43 -> 8200000 | J43: =+H43/$E$3 -> 0.02851
B44: 4/1000 (transacciones financieras) | C44: % | D44: 0.004 | F44: =+$E$3 -> 2.8761838e+08 | G44: =+$G$25 -> 1.4255 | H44: =+D44*F44*G44 -> 1640000 | J44: =+H44/$E$3 -> 0.005702
B45: Industria y Comercio 3,5 x 1.000 sobre valor total. | C45: % | D45: 0.0035 | F45: =+$E$3 -> 2.8761838e+08 | G45: =+$G$25 -> 1.4255 | H45: =+D45*F45*G45 -> 1435000 | J45: =+H45/$E$3 -> 0.00498925
B46: TOTAL GASTOS INDIRECTOS DE ADMINISTRACION. | I46: =SUM(I10:I45) -> 1.0512192e+08 | J46: =+ROUND((J9+J23),4) -> 0.3655 | K46: =+J23+J9 -> 0.36549095
B47: UTILIDAD: | I47: 0.06 | J47: 0.06 | K47: =J47 -> 0.06
B48: A.U. | J48: =SUM(J46+J47) -> 0.4255 | K48: =SUM(K46:K47) -> 0.42549095
